[Event "Titled Tuesday Blitz March 07 Early 2023"]
[White "Nihal Sarin"]
[Black "Nazari, Arad"]
[WhiteFideId "25092340"]
[BlackFideId "12577324"]
[WhiteElo "2689"]
[BlackElo "2313"]
[Result "1-0"]
[Round "04"]
[TimeControl "180+2"]
[Date "2023.03.07"]
[WhiteClock "0:00:11"]
[BlackClock "0:00:02"]

1. b3 c5 2. Bb2 Nc6 3. Nf3 d6 4. d4 cxd4 5. Nxd4 Nf6 6. Nxc6 bxc6 7. Nd2 e6 8. e3 Be7 9. Bd3 O-O 10. O-O Bb7 11. e4 a5 12. a4 Nd7 13. Re1 Bf6 14. Bxf6 Qxf6 15. Nc4 Qe7 16. Qd2 Ne5 17. Nxa5 Ba6 18. Bxa6 Rxa6 19. Qc3 c5 20. Rad1 Rb8 21. Nc4 f6 22. Rd2 Rb4 23. Nxe5 fxe5 24. f3 Qa7 25. h3 c4+ 26. Qe3 Qxe3+ 27. Rxe3 Rab6 28. Rd1 Kf7 29. Rc3 cxb3 30. cxb3 Rxb3 31. Rxb3 Rxb3 32. Rxd6 Ra3 33. Ra6 Kf6 34. h4 h5 35. Ra8 Ra2 36. a5 Kf7 37. a6 Ra3 38. a7 Ra2 39. Kf1 Ra3 40. Ke2 Ra2+ 41. Kd3 Ra3+ 42. Kc4 Ra5 43. Kb4 Ra1 44. Kc5 Ra6 45. Kb5 Ra1 46. Kb6 Rb1+ 47. Kc5 Ra1 48. Kd6 Ra5 49. g3 Kg6 50. Kxe6 1-0


[Site "https://www.chess.com"]

[Event "Titled Tuesday Blitz March 07 Early 2023"]
[White "Kramnik, Vladimir"]
[Black "Costachi, Mihnea"]
[WhiteFideId "4101588"]
[BlackFideId "1217518"]
[WhiteElo "2712"]
[BlackElo "2456"]
[Result "1-0"]
[Round "04"]
[TimeControl "180+2"]
[Date "2023.03.07"]
[WhiteClock "0:00:28"]
[BlackClock "0:00:02"]

1. Nf3 Nf6 2. g3 g6 3. b4 Bg7 4. Bb2 O-O 5. Bg2 b6 6. O-O Bb7 7. c4 d6 8. Nc3 c5 9. bxc5 dxc5 10. d3 Nc6 11. Ne5 Qc8 12. Nxc6 Bxc6 13. a4 Bxg2 14. Kxg2 h5 15. f3 h4 16. Qd2 Rd8 17. g4 Qe6 18. Rad1 Rd7 19. Qe1 Nh7 20. Rd2 Bh6 21. Rc2 g5 22. Nd5 Bg7 23. Bxg7 Kxg7 24. e4 Qe5 25. f4 gxf4 26. Nxf4 Nf6 27. Qxh4 Rh8 28. Qg3 Qg5 29. h3 e6 30. Rcf2 Rh6 31. e5 Qxe5 32. g5 Rh8 33. Nh5+ Nxh5 34. Qxe5+ 1-0


[Site "https://www.chess.com"]

[Event "Titled Tuesday Blitz March 07 Early 2023"]
[White "Kamsky, Gata"]
[Black "Aradhya, Garg"]
[WhiteFideId "2000024"]
[BlackFideId "25006746"]
[WhiteElo "2666"]
[BlackElo "2263"]
[Result "1/2-1/2"]
[Round "04"]
[TimeControl "180+2"]
[Date "2023.03.07"]
[WhiteClock "0:00:02"]
[BlackClock "0:00:13"]

1. d4 d5 2. Bf4 c5 3. e3 Nc6 4. c3 Nf6 5. Nd2 Bf5 6. Ngf3 Qb6 7. dxc5 Qxb2 8. Nd4 e5 9. Nxf5 exf4 10. Rb1 Qxc3 11. Rxb7 Bxc5 12. Bb5 O-O 13. Bxc6 fxe3 14. fxe3 Bxe3 15. Rb3 Bxd2+ 16. Qxd2 Qe5+ 17. Ne3 d4 18. Bxa8 Ng4 19. Bf3 Nxe3 20. Kf2 g5 21. h3 Rd8 22. Rhb1 Qf4 23. Kg1 Rd6 24. Rd3 Qe5 25. Rb4 Qc5 26. Rb8+ Kg7 27. Rdb3 d3 28. R8b5 Qd4 29. Rxg5+ Kf6 30. Kh1 Kxg5 31. Rb4 Qa1+ 32. Kh2 Qe5+ 33. Kg1 Kf6 34. Re4 Qa1+ 35. Kf2 Nf5 36. Rf4 Rd4 37. g4 Rxf4 38. Qxf4 Qxa2+ 39. Ke1 Qb1+ 40. Kf2 Qc2+ 41. Ke1 Qb1+ 42. Kf2 Qc2+ 43. Ke1 Qb1+ 1/2-1/2


[Site "https://www.chess.com"]

[Event "Titled Tuesday Blitz March 07 Early 2023"]
[White "Keymer, Vincent"]
[Black "Kucuksari, Kaan"]
[WhiteFideId "12940690"]
[BlackFideId "6380166"]
[WhiteElo "2651"]
[BlackElo "2364"]
[Result "1-0"]
[Round "04"]
[TimeControl "180+2"]
[Date "2023.03.07"]
[WhiteClock "0:01:00"]
[BlackClock "0:00:25"]

1. a3 e5 2. c4 Nf6 3. d3 d5 4. cxd5 Nxd5 5. Nf3 Nc6 6. e4 Nf4 7. d4 Bg4 8. d5 Bxf3 9. gxf3 Nb8 10. Bb5+ c6 11. dxc6 Nxc6 12. Nc3 Bc5 13. Bxf4 exf4 14. Qd5 Qb6 15. Bxc6+ bxc6 16. Qe5+ Be7 17. O-O-O Rb8 18. Rd2 Kf8 19. Rg1 Bf6 20. Qd6+ Kg8 21. Qxf6 1-0


[Site "https://www.chess.com"]

[Event "Titled Tuesday Blitz March 07 Early 2023"]
[White "Talibov, Shiroghlan"]
[Black "Pourramezanali, Amirreza"]
[WhiteFideId "13429078"]
[BlackFideId "12511412"]
[WhiteElo "2218"]
[BlackElo "2382"]
[Result "1-0"]
[Round "04"]
[TimeControl "180+2"]
[Date "2023.03.07"]
[WhiteClock "0:00:56"]
[BlackClock "0:00:01"]

1. c4 c6 2. d4 d5 3. Nc3 Nf6 4. Nf3 e6 5. e3 Nbd7 6. Qc2 Bd6 7. Bd3 dxc4 8. Bxc4 O-O 9. O-O e5 10. h3 h6 11. Rd1 Qe7 12. e4 exd4 13. Nxd4 Ne5 14. Bb3 Ng6 15. Be3 Qe5 16. Nf3 Qe7 17. Re1 Ne5 18. Nd4 Ng6 19. Nf5 Bxf5 20. exf5 Ne5 21. Bd4 Qc7 22. Rad1 Ned7 23. Ne4 Nxe4 24. Qxe4 Nf6 25. Bxf6 gxf6 26. Qh4 Kg7 27. Re4 Be5 28. Rg4+ Kh7 29. Qh5 Rad8 30. Re1 Rd7 31. g3 Bxb2 32. Bxf7 Rdxf7 33. Qg6+ Kh8 34. Qxh6+ Rh7 35. Qxf8# 1-0


[Site "https://www.chess.com"]

[Event "Titled Tuesday Blitz March 07 Early 2023"]
[White "Drygalov, Sergey"]
[Black "Starozhilov, Leonid"]
[WhiteFideId "24171743"]
[BlackFideId "14106752"]
[WhiteElo "2533"]
[BlackElo "2402"]
[Result "1-0"]
[Round "04"]
[TimeControl "180+2"]
[Date "2023.03.07"]
[WhiteClock "0:00:50"]
[BlackClock "0:00:14"]

1. d4 Nf6 2. c4 g6 3. Nc3 d6 4. e4 Bg7 5. Nf3 Bg4 6. Qa4+ c6 7. Be3 Bxf3 8. gxf3 O-O 9. h4 h5 10. e5 dxe5 11. dxe5 Nfd7 12. f4 Na6 13. O-O-O Qc7 14. Qa3 e6 15. Rg1 Rfe8 16. Be2 Rab8 17. Rg3 Bf8 18. Qa4 Nb4 19. Rdg1 Nc5 20. Bxc5 Bxc5 21. Bxh5 Kh8 22. Bxg6 fxg6 23. Rxg6 Re7 24. Ne4 Nd3+ 25. Kb1 Nxf4 26. R6g5 Rf8 27. Nf6 Rxf6 28. exf6 Rf7 29. Rg8+ Kh7 30. Qc2+ 1-0


[Site "https://www.chess.com"]

[Event "Titled Tuesday Blitz March 07 Early 2023"]
[White "Maksimenko, Viktor"]
[Black "Rustemov, Alexander"]
[WhiteFideId "13710478"]
[BlackFideId "4119002"]
[WhiteElo "2277"]
[BlackElo "2887"]
[Result "0-1"]
[Round "04"]
[TimeControl "180+2"]
[Date "2023.03.07"]
[WhiteClock "0:00:02"]
[BlackClock "0:00:24"]

1. d4 g6 2. Nc3 d5 3. e4 dxe4 4. Nxe4 Bg7 5. c3 Nd7 6. Bc4 Nb6 7. Bb3 Nf6 8. Nxf6+ exf6 9. Ne2 O-O 10. O-O f5 11. h3 Re8 12. Nf4 a5 13. a4 Bf8 14. Nd3 Be6 15. Bxe6 Rxe6 16. Nc5 Bxc5 17. dxc5 Nd7 18. Bg5 Qxg5 19. Qxd7 Re7 20. Qb5 c6 21. Qb6 Kg7 22. Rfe1 Rae8 23. Rxe7 Rxe7 24. Qxa5 Qd2 25. Qb4 Re2 26. Rf1 Qxb2 27. Qd4+ f6 28. Qd7+ Kh6 29. Qd8 Qxc3 30. Qf8+ Kg5 31. Qg7 h6 32. f4+ Kh5 33. g4+ Kh4 34. Qxh6+ Kg3 35. Kh1 Rh2+ 0-1


[Site "https://www.chess.com"]

[Event "Titled Tuesday Blitz March 07 Early 2023"]
[White "Madaminov, Mukhiddin"]
[Black "Belov, Alexei"]
[WhiteFideId "14210703"]
[BlackFideId "4128206"]
[WhiteElo "2511"]
[BlackElo "2579"]
[Result "1-0"]
[Round "04"]
[TimeControl "180+2"]
[Date "2023.03.07"]
[WhiteClock "0:01:20"]
[BlackClock "0:00:15"]

1. d4 e6 2. Nc3 Nf6 3. Bf4 a6 4. e3 d5 5. g4 Bb4 6. Bg2 c5 7. g5 Ne4 8. Bxe4 dxe4 9. dxc5 Qa5 10. Ne2 O-O 11. a3 Rd8 12. Bd6 Bxc3+ 13. Nxc3 Rd7 14. b4 Qd8 15. Qg4 a5 16. b5 b6 17. Nxe4 bxc5 18. Nf6+ Kh8 19. Be5 Qf8 20. Nxd7 Bxd7 21. Qe4 Ra7 22. c4 Bc8 23. Bxb8 Bb7 24. Qf4 Ra8 25. Bd6 1-0


[Site "https://www.chess.com"]

[Event "Titled Tuesday Blitz March 07 Early 2023"]
[White "Kislov, Oleg"]
[Black "Volkov, Sergey"]
[WhiteFideId "13503774"]
[BlackFideId "4122763"]
[WhiteElo "2186"]
[BlackElo "2401"]
[Result "0-1"]
[Round "04"]
[TimeControl "180+2"]
[Date "2023.03.07"]
[WhiteClock "0:00:08"]
[BlackClock "0:00:44"]

1. e4 e6 2. d4 d5 3. Nc3 Nf6 4. Bg5 h6 5. Bxf6 Qxf6 6. exd5 Bb4 7. dxe6 Bxe6 8. Nf3 O-O 9. Be2 Nc6 10. O-O Rad8 11. a3 Nxd4 12. Ne4 Nxf3+ 13. Bxf3 Qxb2 14. Qb1 Bxa3 15. Qxb2 Bxb2 16. Rxa7 Bd5 17. c3 Ra8 18. Rxa8 Rxa8 19. Nf6+ gxf6 20. Bxd5 c6 21. Be4 Bxc3 22. Rb1 Ra7 23. g4 Kf8 24. Kg2 Ke7 25. Kf3 Kd6 26. Rd1+ Kc7 27. Bf5 b5 28. Rd7+ Kb6 29. Rxa7 Kxa7 30. Ke4 Kb6 31. Bd7 c5 32. Be8 c4 33. Kd5 Be5 34. Bxf7 Bxh2 35. Bg6 Ka5 36. Kd4 Kb4 37. Be8 Bg1 38. Ke4 Bxf2 39. Kf3 Bh4 40. Ke2 Kc5 41. Bg6 b4 42. Kd2 b3 43. Bf7 Kb4 44. Bg8 c3+ 45. Kc1 Bg5+ 46. Kb1 c2+ 47. Kb2 c1=Q# 0-1


[Site "https://www.chess.com"]

[Event "Titled Tuesday Blitz March 07 Early 2023"]
[White "Krstulovic, Alex"]
[Black "Dubov, Daniil"]
[WhiteFideId "760056"]
[BlackFideId "24126055"]
[WhiteElo "2311"]
[BlackElo "2802"]
[Result "0-1"]
[Round "04"]
[TimeControl "180+2"]
[Date "2023.03.07"]
[WhiteClock "0:00:05"]
[BlackClock "0:00:11"]

1. d4 Nf6 2. Nf3 d5 3. Bf4 c5 4. e3 Nc6 5. Nbd2 Nh5 6. dxc5 Nxf4 7. exf4 g6 8. c3 Bg7 9. Bb5 O-O 10. Bxc6 bxc6 11. Qa4 Rb8 12. Nb3 Qc7 13. O-O Bd7 14. Rfe1 Rfe8 15. Ne5 Rb5 16. Re2 Reb8 17. Rae1 e6 18. Nd3 a5 19. Nd4 R5b7 20. a3 Be8 21. b4 axb4 22. axb4 Ra7 23. Qc2 Rba8 24. Ne5 g5 25. g3 h6 26. f5 Ra2 27. Qd3 Ra1 28. Ng4 e5 29. f6 Bd7 30. Nxe5 Bxf6 31. Nxd7 Qxd7 32. Rxa1 Rxa1+ 33. Kg2 Ra3 34. Re3 g4 35. Ne2 h5 36. Qc2 h4 37. gxh4 Bxh4 38. Ng3 Bg5 39. Re2 Bf6 40. Re3 Bg5 41. Re5 Bf6 42. Re3 Ra8 43. Qe2 d4 44. cxd4 Bxd4 45. Re4 Qd5 46. Qxg4+ Kf8 47. Qf3 Ra2 48. Nf5 Rxf2+ 49. Qxf2 Bxf2 50. Nd6 Bd4 51. Kf3 Bc3 52. Ke2 Be5 53. Re3 Bxd6 54. cxd6 Qxd6 55. h3 Qxb4 0-1


[Site "https://www.chess.com"]

[Event "Titled Tuesday Blitz March 07 Early 2023"]
[White "Alekseenko, Kirill"]
[Black "Djokovic, Nebojsa"]
[WhiteFideId "4135539"]
[BlackFideId "938300"]
[WhiteElo "2683"]
[BlackElo "2583"]
[Result "1-0"]
[Round "04"]
[TimeControl "180+2"]
[Date "2023.03.07"]
[WhiteClock "0:00:10"]
[BlackClock "0:00:06"]

1. e4 e6 2. d4 d5 3. Nd2 c5 4. exd5 Qxd5 5. dxc5 Nf6 6. Ngf3 Qxc5 7. Bd3 Nbd7 8. O-O Qc7 9. a4 Nc5 10. Bc4 Bd7 11. b3 Bd6 12. Bb2 O-O 13. Qe2 Bc6 14. h3 Rfd8 15. Rfe1 Nd5 16. Ne5 Nf4 17. Qg4 Ng6 18. Nxc6 Qxc6 19. Nf3 a6 20. h4 b5 21. axb5 axb5 22. Rxa8 Rxa8 23. Bf1 f5 24. Qd4 e5 25. Nxe5 Nxe5 26. Rxe5 Bxe5 27. Qxe5 Ne6 28. Bxb5 Qxc2 29. Qxe6+ Kh8 30. Bxg7+ Kxg7 31. Qe7+ Kg6 32. Qg5+ Kf7 33. Bc4+ Ke8 34. Qg8+ Kd7 35. Qxa8 Qc1+ 36. Bf1 f4 37. Qe4 Kd6 38. Qxh7 Ke5 39. Qg7+ Kf5 40. Qd7+ Ke5 41. Qd3 Qc5 42. Qc4 Qb6 43. Bd3 Qd8 44. Qe4+ Kd6 45. Qd4+ Kc7 46. Qxd8+ Kxd8 47. g4 Ke7 48. Kg2 Ke8 49. Kf3 Kf8 50. Kxf4 Kg7 51. Ke5 Kf8 52. Ke6 Kg7 53. Ke7 Kh8 54. f4 Kg7 55. b4 Kh8 56. b5 Kg8 57. b6 Kg7 58. b7 Kh6 59. b8=B Kg7 60. Be5+ Kh6 61. Bc4 Kg6 62. f5+ Kh6 63. Bf4+ Kh7 64. g5 Kg7 65. h5 Kh8 66. Kf8 Kh7 67. g6+ Kh8 68. g7+ Kh7 69. Bg8# 1-0


[Site "https://www.chess.com"]

[Event "Titled Tuesday Blitz March 07 Early 2023"]
[White "Ozates, Tuna"]
[Black "Durarbayli, Vasif"]
[WhiteFideId "6354521"]
[BlackFideId "13402935"]
[WhiteElo "2151"]
[BlackElo "2543"]
[Result "0-1"]
[Round "04"]
[TimeControl "180+2"]
[Date "2023.03.07"]
[WhiteClock "0:00:01"]
[BlackClock "0:00:23"]

1. e4 c5 2. Nf3 d6 3. Bb5+ Nd7 4. O-O a6 5. Bd3 Ngf6 6. c3 b6 7. Re1 Bb7 8. Bc2 Qc7 9. d4 e5 10. d5 g6 11. Nbd2 Bg7 12. Nf1 O-O 13. Ng3 b5 14. h4 c4 15. h5 Nc5 16. h6 Bh8 17. Nh4 Bc8 18. Bg5 Ne8 19. Nhf5 f6 20. Be3 gxf5 21. exf5 Kf7 22. Bxc5 Qxc5 23. Ne4 Qb6 24. Qh5+ Ke7 25. Re3 Bb7 26. Rd1 Nc7 27. Rg3 Rg8 28. Ng5 Rxg5 29. Rxg5 fxg5 30. f6+ Bxf6 31. Qg4 Rf8 32. Bxh7 Bxd5 33. Bf5 Be6 34. h7 Kd7 35. Rd2 Bh8 36. Bxe6+ Nxe6 0-1


[Site "https://www.chess.com"]

[Event "Titled Tuesday Blitz March 07 Early 2023"]
[White "Shapiro, Viktor"]
[Black "Bok, Benjamin"]
[WhiteFideId "4175700"]
[BlackFideId "1017063"]
[WhiteElo "2152"]
[BlackElo "2658"]
[Result "0-1"]
[Round "04"]
[TimeControl "180+2"]
[Date "2023.03.07"]
[WhiteClock "0:00:51"]
[BlackClock "0:01:43"]

1. c4 Nf6 2. Nc3 e5 3. g3 Bb4 4. Bg2 O-O 5. Nf3 Re8 6. O-O e4 7. Nd4 Nc6 8. Nc2 Bxc3 9. bxc3 d5 10. cxd5 Qxd5 11. d3 Qh5 12. Bf4 Bh3 13. f3 exd3 14. exd3 Bxg2 15. Kxg2 Qg6 16. Bxc7 Nd5 17. Rb1 Nxc3 18. Qc1 Nxb1 19. Qxb1 Qxd3 20. Rf2 Nd4 21. Qb2 Re2 22. Qxd4 Qxc2 23. Bf4 Rxf2+ 24. Qxf2 Qxf2+ 25. Kxf2 Rc8 0-1


[Site "https://www.chess.com"]

[Event "Titled Tuesday Blitz March 07 Early 2023"]
[White "Gabdrakhmanov, Azat"]
[Black "Terry, Renato"]
[WhiteFideId "34189197"]
[BlackFideId "3803457"]
[WhiteElo "2266"]
[BlackElo "2579"]
[Result "0-1"]
[Round "04"]
[TimeControl "180+2"]
[Date "2023.03.07"]
[WhiteClock "0:00:18"]
[BlackClock "0:00:46"]

1. e4 e6 2. d4 d5 3. e5 c5 4. c3 Qb6 5. Nf3 Bd7 6. a3 Bb5 7. c4 Bxc4 8. Bxc4 dxc4 9. Nc3 Nc6 10. d5 exd5 11. Qxd5 Nge7 12. Qxc4 Na5 13. Qa4+ Nec6 14. O-O Qb3 15. Qf4 Be7 16. e6 O-O 17. exf7+ Rxf7 18. Qg3 Nd4 19. Nxd4 cxd4 20. Ne4 Qxg3 21. hxg3 Nb3 22. Rb1 Rd8 23. Rd1 d3 24. Be3 a6 25. Nd2 Na5 26. Bb6 Rd5 27. Bxa5 Rxa5 28. Rbc1 Bf6 29. Nc4 Rd5 30. b3 Re7 31. Ne3 Rd8 32. Rd2 Bg5 33. Re1 Kf7 34. f4 Bf6 35. Rdd1 Bc3 36. Kf2 Bxe1+ 37. Rxe1 Rde8 0-1


[Site "https://www.chess.com"]

[Event "Titled Tuesday Blitz March 07 Early 2023"]
[White "Janaszak, Dawid"]
[Black "Gholami Orimi, Mahdi"]
[WhiteFideId "1119206"]
[BlackFideId "12558486"]
[WhiteElo "2220"]
[BlackElo "2363"]
[Result "0-1"]
[Round "04"]
[TimeControl "180+2"]
[Date "2023.03.07"]
[WhiteClock "0:00:06"]
[BlackClock "0:00:20"]

1. e4 c5 2. Nc3 Nc6 3. Bb5 Nd4 4. Nf3 a6 5. Bd3 g6 6. b4 d6 7. bxc5 dxc5 8. O-O Bg7 9. Nxd4 cxd4 10. Ne2 Nh6 11. Bb2 e5 12. Ba3 Qa5 13. Qc1 Be6 14. Rb1 b5 15. Bb4 Qc7 16. a4 bxa4 17. Qa3 Bd7 18. f4 f6 19. c3 a5 20. Bd6 Bf8 21. fxe5 Bxd6 22. exd6 Qd8 23. cxd4 O-O 24. e5 fxe5 25. dxe5 Qh4 26. g3 Rxf1+ 27. Rxf1 Qb4 28. Qa2+ Kg7 29. Nf4 Qc5+ 30. Kg2 Qxe5 31. Qc4 Rc8 32. Qa6 Bc6+ 33. Kg1 Ng4 34. Qxc8 Qd4+ 0-1


[Site "https://www.chess.com"]

[Event "Titled Tuesday Blitz March 07 Early 2023"]
[White "Tarhan, Adar"]
[Black "Vokhidov, Shamsiddin"]
[WhiteFideId "34544712"]
[BlackFideId "14204223"]
[WhiteElo "2220"]
[BlackElo "2570"]
[Result "0-1"]
[Round "04"]
[TimeControl "180+2"]
[Date "2023.03.07"]
[WhiteClock "0:00:02"]
[BlackClock "0:00:42"]

1. e4 g6 2. d4 Nf6 3. e5 Nh5 4. g4 Ng7 5. Nc3 d6 6. Nf3 Bxg4 7. Rg1 Bh5 8. Bc4 Nc6 9. d5 Nxe5 10. Nxe5 Bxd1 11. Bb5+ c6 12. dxc6 a6 13. c7+ axb5 14. cxd8=Q+ Rxd8 15. Nxf7 Kxf7 16. Nxd1 Nf5 17. Nc3 Nd4 18. Kd1 Bg7 19. Be3 Rc8 20. Rg4 Nf5 21. Nxb5 Bxb2 22. Rb1 Bf6 23. Rgb4 Rc6 24. Na7 Ra6 25. Rxb7 Rxa2 26. Nc6 Rc8 27. Nb4 Ra3 28. Nd5 Bh4 29. R1b4 Ra1+ 30. Kd2 Ra5 31. c4 Ra2+ 32. Kd3 Bxf2 33. Bg5 Re8 34. Rb2 Rxb2 35. Rxb2 Bc5 36. Re2 h6 37. Bf4 Ra8 38. h4 Ra3+ 39. Ke4 e6 40. Nc7 Rc3 41. Nb5 Rxc4+ 42. Kf3 Nd4+ 43. Nxd4 Rxd4 44. Bxh6 Rxh4 45. Bg5 Rb4 46. Ra2 e5 47. Ra8 e4+ 48. Kg4 d5 49. Rc8 Rc4 50. Be3 Bxe3 51. Rxc4 dxc4 0-1


[Site "https://www.chess.com"]

[Event "Titled Tuesday Blitz March 07 Early 2023"]
[White "Yilmaz, Mustafa"]
[Black "Aizpurua, Patrick Emilio"]
[WhiteFideId "6302718"]
[BlackFideId "6600522"]
[WhiteElo "2523"]
[BlackElo "2378"]
[Result "1-0"]
[Round "04"]
[TimeControl "180+2"]
[Date "2023.03.07"]
[WhiteClock "0:00:05"]
[BlackClock "0:00:08"]

1. c4 e5 2. Nc3 Bb4 3. Nd5 Be7 4. g3 Nf6 5. Nxe7 Qxe7 6. Bg2 O-O 7. d3 d6 8. Nf3 h6 9. O-O c6 10. b3 Bf5 11. Bb2 Nbd7 12. Re1 Rfe8 13. b4 Bh7 14. Qb3 e4 15. dxe4 Bxe4 16. Rad1 a6 17. Qc3 Rad8 18. a4 Nb6 19. Qb3 Qe6 20. Rc1 Qe7 21. a5 Nbd7 22. Qc3 Ne5 23. Rcd1 Ng6 24. Bh3 Ne5 25. Nd2 Bg6 26. e4 Bh5 27. f3 c5 28. b5 axb5 29. cxb5 d5 30. Qxe5 Qxe5 31. Bxe5 Rxe5 32. g4 Bg6 33. f4 Ree8 34. f5 Bh7 35. e5 Nd7 36. Nf3 d4 37. Bf1 h5 38. h3 hxg4 39. hxg4 g6 40. f6 g5 41. Bc4 Nf8 42. Nxg5 Bg6 43. Kf2 Nh7 44. Nf3 Kf8 45. Rh1 d3 46. Ng5 Kg8 47. Bxf7+ Bxf7 48. Rxh7 Rxe5 49. Rg7+ Kf8 50. Rxf7+ Ke8 51. Rg7 Rd6 52. f7+ Kd7 53. f8=Q+ 1-0


[Site "https://www.chess.com"]

[Event "Titled Tuesday Blitz March 07 Early 2023"]
[White "Zakhartsov, Vladimir"]
[Black "Papp, Levente"]
[WhiteFideId "4145097"]
[BlackFideId "751243"]
[WhiteElo "2521"]
[BlackElo "2380"]
[Result "1-0"]
[Round "04"]
[TimeControl "180+2"]
[Date "2023.03.07"]
[WhiteClock "0:00:15"]
[BlackClock "0:00:04"]

1. d4 e6 2. c4 d5 3. Nf3 Nf6 4. g3 Bb4+ 5. Bd2 Be7 6. Bg2 O-O 7. O-O Ne4 8. Nc3 f5 9. Nxe4 fxe4 10. Ne5 Nd7 11. Nxd7 Qxd7 12. Rc1 Bf6 13. Bf4 c6 14. f3 exf3 15. Bxf3 Qe7 16. Qd3 Kh8 17. Qe3 Bd7 18. Bg2 Rae8 19. h4 dxc4 20. Rxc4 e5 21. Bxe5 Bxe5 22. Rxf8+ Rxf8 23. dxe5 Be6 24. Rf4 Rxf4 25. gxf4 Qxh4 26. Qd2 h6 27. e4 Bxa2 28. f5 Qg3 29. e6 Qe5 30. Qd8+ Kh7 31. e7 Bf7 32. Qf8 Qc5+ 33. Kh2 Qd6+ 34. Kh3 Qd3+ 35. Kh4 Qe3 36. Qxf7 Qf2+ 37. Kh3 Qe3+ 38. Kg4 1-0


[Site "https://www.chess.com"]

[Event "Titled Tuesday Blitz March 07 Early 2023"]
[White "Saravana, Krishnan P."]
[Black "Zhigalko, Sergei"]
[WhiteFideId "5018382"]
[BlackFideId "13502956"]
[WhiteElo "2189"]
[BlackElo "2626"]
[Result "0-1"]
[Round "04"]
[TimeControl "180+2"]
[Date "2023.03.07"]
[WhiteClock "0:01:46"]
[BlackClock "0:02:03"]

1. e4 c5 2. Nf3 Nc6 3. d4 cxd4 4. Nxd4 Nf6 5. Nc3 e5 6. Ndb5 d6 7. Nd5 Nxd5 8. exd5 Nb8 9. c4 Be7 10. Bd3 a6 11. Nc3 O-O 12. O-O f5 13. f4 Nd7 14. Kh1 g6 15. Be3 Bf6 16. Qc2 exf4 17. Bxf4 Ne5 18. Rae1 Bd7 19. Be2 Rc8 20. b3 b5 21. Bh6 Re8 22. Rc1 bxc4 23. b4 Nd3 24. Bxd3 cxd3 25. Qxd3 Rxc3 26. Rxc3 Bb5 27. Qc2 Bxf1 28. Rc7 Bd3 0-1


[Site "https://www.chess.com"]

[Event "Titled Tuesday Blitz March 07 Early 2023"]
[White "Malyi, Viacheslav"]
[Black "Narayanan, Srinath"]
[WhiteFideId "14123983"]
[BlackFideId "5018420"]
[WhiteElo "2291"]
[BlackElo "2438"]
[Result "0-1"]
[Round "04"]
[TimeControl "180+2"]
[Date "2023.03.07"]
[WhiteClock "0:01:03"]
[BlackClock "0:00:45"]

1. e4 c6 2. d4 d5 3. Nc3 dxe4 4. Nxe4 Nf6 5. Nxf6+ exf6 6. Nf3 Bd6 7. Bd3 O-O 8. O-O Bg4 9. h3 Bh5 10. Bf5 Bg6 11. Qd3 Na6 12. c3 Re8 13. Nh4 Qa5 14. Bd2 Rad8 15. c4 Bb4 16. Bc3 Bxc3 17. bxc3 Nc5 18. Qc2 Ne4 19. Bxg6 hxg6 20. Nf3 Qxc3 21. Qa4 a6 22. Rac1 Qd3 23. Rfd1 Qe2 24. Rf1 Nd2 25. Nxd2 Qxd2 26. Rfd1 Qf4 27. Qb3 Re2 28. Rf1 Rxf2 29. Rxf2 Qxc1+ 30. Rf1 Qd2 31. Qxb7 Qxd4+ 32. Kh1 Qxc4 33. Re1 c5 34. Qe7 Rf8 35. Qd7 Qxa2 36. Re8 Rxe8 37. Qxe8+ Kh7 38. Qe4 Qa1+ 39. Kh2 Qe5+ 0-1


[Site "https://www.chess.com"]

[Event "Titled Tuesday Blitz March 07 Early 2023"]
[White "Yeletsky, Ivan"]
[Black "Kopczynski, Michal"]
[WhiteFideId "24180327"]
[BlackFideId "1124200"]
[WhiteElo "2414"]
[BlackElo "2212"]
[Result "1-0"]
[Round "04"]
[TimeControl "180+2"]
[Date "2023.03.07"]
[WhiteClock "0:00:07"]
[BlackClock "0:00:02"]

1. Nf3 d6 2. b3 e5 3. Bb2 f5 4. g3 Nf6 5. Bg2 g6 6. c4 Bg7 7. Nc3 O-O 8. d3 Nc6 9. Qd2 h6 10. O-O-O a5 11. a3 Bd7 12. h4 Ng4 13. e3 a4 14. b4 Ne7 15. h5 g5 16. Nh2 c5 17. Nxg4 fxg4 18. b5 Qc7 19. Nd5 Nxd5 20. Bxd5+ Kh8 21. Kb1 Rf6 22. d4 Raf8 23. Rhf1 cxd4 24. exd4 Bf5+ 25. Ka1 e4 26. Rde1 Re8 27. Re3 Bh7 28. Rfe1 Rf3 29. R1e2 Rxe3 30. Rxe3 Bg8 31. Bxg8 Kxg8 32. Qe2 Qf7 33. Kb1 Qxh5 34. c5 dxc5 35. dxc5 Bxb2 36. Kxb2 Qg6 37. Qc4+ Kh7 38. Qxa4 Qf6+ 39. Kb3 Qxf2 40. Qd4 Qf5 41. Kb4 h5 42. Rc3 h4 43. gxh4 gxh4 44. c6 g3 45. cxb7 g2 46. Rc7+ Kh6 47. Qg7+ Kh5 48. Qxg2 e3 49. Rc5 Re5 50. Rxe5 Qxe5 51. Qe2+ Kg5 52. a4 Qd4+ 53. Ka5 Qa7+ 54. Kb4 Qd4+ 55. Kb3 Qd5+ 56. Kc3 Qc5+ 57. Qc4 Qxc4+ 58. Kxc4 e2 59. b8=Q e1=Q 60. Qg8+ Kf4 61. Qf7+ Kg3 62. Qc7+ Kg2 63. b6 h3 64. Qc6+ Kg3 65. Qd6+ Kg2 66. Qd5+ Kg3 67. b7 Qe2+ 68. Kc5 Qc2+ 69. Kb6 Qb2+ 70. Ka7 h2 71. b8=Q+ Qxb8+ 72. Kxb8 1-0


[Site "https://www.chess.com"]

[Event "Titled Tuesday Blitz March 07 Early 2023"]
[White "Garv Gaur"]
[Black "Bharath Subramaniyam H"]
[WhiteFideId "45030839"]
[BlackFideId "46634827"]
[WhiteElo "2068"]
[BlackElo "2395"]
[Result "0-1"]
[Round "04"]
[TimeControl "180+2"]
[Date "2023.03.07"]
[WhiteClock "0:01:17"]
[BlackClock "0:01:58"]

1. Nf3 c5 2. g3 g6 3. Bg2 Bg7 4. O-O Nc6 5. c4 e5 6. Nc3 d6 7. d3 Nge7 8. e4 O-O 9. h3 h6 10. Nd5 f5 11. Be3 Nxd5 12. cxd5 Ne7 13. Qd2 g5 14. Qc2 f4 15. Bd2 Ng6 16. b4 b6 17. a4 h5 18. Nh2 g4 19. h4 f3 20. Bh1 Nxh4 21. gxh4 Qxh4 22. Be1 Bh6 23. Bxf3 Bf4 0-1


[Site "https://www.chess.com"]

[Event "Titled Tuesday Blitz March 07 Early 2023"]
[White "Movahed, Sina"]
[Black "Khumalo, Keith"]
[WhiteFideId "42520835"]
[BlackFideId "14319470"]
[WhiteElo "2225"]
[BlackElo "2056"]
[Result "1-0"]
[Round "04"]
[TimeControl "180+2"]
[Date "2023.03.07"]
[WhiteClock "0:02:19"]
[BlackClock "0:02:20"]

1. e4 c5 2. Nf3 d6 3. d4 cxd4 4. Nxd4 Nf6 5. Nc3 g6 6. Be3 Bg7 7. f3 O-O 8. Qd2 Nc6 9. O-O-O d5 10. exd5 Nxd5 11. Nxc6 bxc6 12. Bd4 e5 13. Bc5 Be6 14. Ne4 Re8 15. h4 Qc7 16. h5 Red8 17. hxg6 hxg6 18. Qf2 Nf4 19. Rxd8+ Rxd8 20. Qh4 f6 21. Nxf6+ Bxf6 22. Qxf6 Qd7 23. Rh8# 1-0


[Site "https://www.chess.com"]

[Event "Titled Tuesday Blitz March 07 Early 2023"]
[White "Derjabin, Ilja"]
[Black "Rakhmatullaev, Almas"]
[WhiteFideId "14104768"]
[BlackFideId "14205793"]
[WhiteElo "2309"]
[BlackElo "2221"]
[Result "1-0"]
[Round "04"]
[TimeControl "180+2"]
[Date "2023.03.07"]
[WhiteClock "0:00:43"]
[BlackClock "0:00:03"]

1. d4 Nf6 2. c4 g6 3. Nc3 Bg7 4. e4 d6 5. Nge2 O-O 6. Ng3 e5 7. d5 Ne8 8. Be2 Nd7 9. O-O Ndf6 10. Be3 h5 11. Qd2 Ng4 12. Bg5 f6 13. Bxg4 Bxg4 14. Bh6 h4 15. Nh1 h3 16. f3 hxg2 17. Kxg2 Bd7 18. Ng3 Kf7 19. Bxg7 Nxg7 20. f4 Rh8 21. fxe5 Bh3+ 22. Kg1 Bxf1 23. e6+ Ke7 24. Rxf1 Qg8 25. Nb5 Ne8 26. c5 a6 27. Nxc7 Rd8 28. Nxe8 Qxe8 29. cxd6+ Rxd6 30. Qc3 Kd8 31. Rc1 Qb5 32. Qc8+ Ke7 33. Rc7+ 1-0


[Site "https://www.chess.com"]